 Dungeon Crawl Stone Soup version 0.25-a0-429-g4e4398398a (webtiles) character file.

Game seed: 14728943096306293314, levelgen mode: deterministic

37674 LairdRich the Severer (level 13, -14/124 HPs)
             Began as a Minotaur Berserker on Jan 20, 2020.
             Was an Elder of Trog.
             Demolished by a death yak (20 damage)
             ... on level 5 of the Lair of Beasts on Jan 25, 2020.
             The game lasted 01:30:00 (23367 turns).

LairdRich the Severer (Minotaur Berserker)         Turns: 23367, Time: 01:30:00

Health: -14/124    AC: 20    Str: 31    XL:     13   Next: 59%
Magic:  12/12      EV:  9    Int: 11    God:    Trog [****..]
Gold:   1112       SH:  0    Dex: 13    Spells: 12/12 levels left

rFire    + + +     SeeInvis .   v - +3 hand axe "Cippeam" {vorpal, Fragile rPois MR+ Int+7}
rCold    . . .     Gourm    .   (no shield)
rNeg     . . .     Faith    +   G - +0 plate armour
rPois    +         Spirit   .   (helmet restricted)
rElec    +         Reflect  .   N - scarf {cloud immunity}
rCorr    .         Harm     .   H - +0 pair of gloves of Dogma {rC- Str+4 Dex+5}
MR       +....                  i - +1 pair of boots
Stlth    ..........             L - amulet of the Ant {Faith Fragile rElec rF+++ Dex-2}
HPRegen  0.30/turn              M - ring of protection from cold
MPRegen  0.13/turn              r - +1 ring of slaying

@: flying
A: retaliatory headbutt, horns 2
a: Berserk, Trog's Hand, Brothers in Arms, Renounce Religion


You were on level 5 of the Lair of Beasts.
You worshipped Trog.
Trog was greatly pleased with you.
You were not hungry.

You visited 3 branches of the dungeon, and saw 18 of its levels.
You also visited: Ossuary, Gauntlet and Ice Cave.

You collected 1112 gold pieces.

Inventory:

Hand Weapons
 a - a +4 antimagic hand axe
 b - a +0 morningstar
 v - the +3 hand axe "Cippeam" (weapon) {vorpal, Fragile rPois MR+ Int+7}
   (You found it in a Gauntlet)

   It inflicts extra damage upon your enemies.
   It affects your intelligence (+7).
   It protects you from poison.
   It affects your resistance to hostile enchantments.
   It will be destroyed if unequipped.
 O - a +2 executioner's axe
 T - a +2 antimagic war axe
Missiles
 k - 28 javelins (quivered)
Armour
 i - a +1 pair of boots (worn)
 G - a +0 plate armour (worn)
 H - the +0 pair of gloves of Dogma (worn) {rC- Str+4 Dex+5}
   (You found it in a Gauntlet)

   It affects your strength (+4).
   It affects your dexterity (+5).
   It makes you vulnerable to cold.
   If you remove this armour, your AC will fall 2 points (20 -> 18)
 N - a scarf of cloud immunity (worn)
Jewellery
 r - a +1 ring of slaying (right hand)
 x - an uncursed ring of ice
 E - a cursed ring of attention {unknown}
 F - an uncursed ring of flight
 L - the amulet of the Ant (around neck) {Faith Fragile rElec rF+++ Dex-2}
   (You found it in an ice cave)

   [amulet of faith]

   It allows you to gain divine favour quickly.
   It affects your dexterity (-2).
   It renders you almost immune to fire.
   It insulates you from electricity.
   It will be destroyed if unequipped.
 M - a ring of protection from cold (left hand)
Wands
 l - a wand of digging (6)
 m - a wand of scattershot (5)
 s - a wand of polymorph (15)
 t - a wand of paralysis (12)
 y - a wand of acid (13)
 C - a wand of flame (17)
 I - a wand of disintegration (25)
 K - a wand of iceblast (19)
Scrolls
 d - 2 scrolls of enchant weapon
 g - a scroll of brand weapon {unknown}
 h - 2 scrolls of fog
 n - 4 scrolls of remove curse
 o - a scroll of identify
 p - 2 scrolls of enchant armour
 D - 5 scrolls of teleportation
 J - 3 scrolls of fear
 S - a scroll of magic mapping
Potions
 e - a potion of invisibility
 f - 2 potions of magic
 j - 3 potions of agility
 q - 3 potions of cancellation
 u - a potion of resistance
 w - 5 potions of flight
 z - a potion of haste
 A - 2 potions of might
 B - a potion of ambrosia
 P - a potion of berserk rage
 Q - a potion of heal wounds
 R - a potion of curing
 V - a potion of brilliance
Miscellaneous
 U - a phial of floods
Comestibles
 c - 25 rations
 W - 5 chunks of flesh


   Skills:
 + Level 14.1 Fighting
 * Level 18.7 Axes
 + Level 13.9 Armour
 - Level 2.1 Dodging


You had 12 spell levels left.
You didn't know any spells.
Your spell library was empty.

Dungeon Overview and Level Annotations

Branches:
Dungeon (11/15)            Temple (0/1) D:6            Lair (6/6) D:8
 Shoals (0/4) Lair:2        Snake (0/4) Lair:2          Orc (1/2) D:10
Ossuary (visited)           IceCv (visited)         Gauntlet (visited)
  Slime: Lair:5-6

Altars:
Dithmenos
Fedhas
Ru
Trog
Vehumet
Yredelemnul

Shops:
D:5 :   D:6 %   D:10 (

Annotations:
Lair:1 2 transporters
Lair:5 exclusion: downstairs


Innate Abilities, Weirdness & Mutations

You reflexively headbutt those who attack you in melee.
You have a pair of horns on your head.


Message History

You are too injured to fight recklessly!
The death yak barely misses you. You furiously retaliate!
You headbutt the death yak, but do no damage.
You see here a quarterstaff.
The death yak gores you!
The death yak snorts and paws the ground.
The death yak gores you!
You hit the plant but do no damage.
You headbutt the plant, but do no damage.
The plant is heavily damaged.
You barely miss the death yak. You hit the fungus. The death yak gores you!
* * * LOW HITPOINT WARNING * * *
You feel very buoyant.
You fly up into the air.
The death yak gores you!
* * * LOW HITPOINT WARNING * * *
The death yak gores you!
* * * LOW HITPOINT WARNING * * *
The death yak gores you!!
You die...

..P........#............##
...........#^..P##.......##
................#.........#
........P.......P.≈≈≈≈§≈§###
..................≈≈§§§≈.#P#
..................§≈§≈≈≈...#
..................§§§§≈≈...#
#≈...#..P..##.....≈§≈§≈§..##
..≈.....P####...@.§§§§§§.##
..≈≈≈≈≈≈.####PYY..≈≈≈≈≈§..#
≈≈≈≈≈≈≈≈≈.....Y..........##
≈≈≈≈≈≈≈≈≈≈...............##
≈≈≈≈..≈≈≈.................##
≈≈≈.<.≈≈≈≈.................#
≈≈≈≈.≈≈≈≈................PP#
≈≈≈≈≈≈≈≈≈≈..............PP##
.≈≈≈≈≈≈≈≈..............P..#


You could see 3 death yaks.

Vanquished Creatures
  Kirke (Lair:4)
  A frost giant (IceCv)
  A minotaur (Gauntlet)
  Harold (D:7)
  A death yak (IceCv)
  Urug (Lair:5)
  A death drake (Gauntlet)
  Pikel (D:7)
  A necromancer (Gauntlet)
  3 spectral centaurs (Gauntlet)
  A manticore (D:11)
  3 elephants (Lair:2)
  A black mamba (Lair:4)
  An ice statue (IceCv)
  A gargoyle (D:11)
  4 rime drakes
  2 molten gargoyles (Lair:5)
  5 spiny frogs
  5 komodo dragons
  11 polar bears
  5 blink frogs (Lair:5)
  4 hippogriffs
  A snapping turtle (Lair:2)
  Sigmund (D:2)
  A spriggan (D:7)
  2 fire bats (Lair:5)
  43 yaks
  5 hogs (Lair:4)
  2 hungry ghosts
  A basilisk (Lair:5)
  3 swamp worms (Gauntlet)
  11 porcupines
  6 orc warriors
  3 water moccasins
  Duvessa (D:6)
  A swamp drake (D:10)
  3 sky beasts
  A spectral hornet (Gauntlet)
  4 black bears
  An ice beast (D:7)
  4 slaves (D:7)
  A phantom (D:7)
  5 ogres
  20 wolves
  5 centaurs
  10 crocodiles
  8 bullfrogs
  3 water moccasin zombies (Ossuary)
  Dowan (D:6)
  A scorpion (D:9)
  3 killer bees (D:8)
  6 howler monkeys
  3 electric eels
  A lava snake (Lair:5)
  5 crimson imps
  A bullfrog zombie (D:9)
  3 centaur skeletons
  7 orc priests
  6 hounds
  2 jellies
  Jessica (D:2)
  Ijyb (D:5)
  2 iguanas
  7 worker ants
  13 orc wizards
  4 hell rats (Lair:1)
  4 big kobold zombies (Ossuary)
  2 hound skeletons
  2 mummies (Ossuary)
  10 adders
  5 river rats (Lair:1)
  A shadow imp (D:8)
  2 oozes (D:3)
  An adder skeleton (D:7)
  2 adder zombies (Ossuary)
  2 worms (D:2)
  3 dart slugs (D:1)
  4 leopard geckos
  56 orcs
  7 giant cockroaches
  A gnoll zombie (Ossuary)
  8 goblins
  4 hobgoblins
  4 jackals (D:5)
  4 quokkas
  A ball python (D:4)
  7 bats
  6 frilled lizards
  6 hobgoblin zombies (Ossuary)
  5 kobolds
  3 kobold zombies (Ossuary)
  3 orc zombies
  12 rats
  A rat zombie (D:5)
  2 fungi
  3 plants
439 creatures vanquished.

Vanquished Creatures (collateral kills)
  2 hydras
  Nergalle (D:10)
  Edmund (D:6)
4 creatures vanquished.

Vanquished Creatures (others)
  2 yaks (IceCv)
  A wolf (IceCv)
  42 fungi
  10 plants
55 creatures vanquished.

Grand Total: 498 creatures vanquished

Notes
Turn   | Place    | Note
-------+----------+-------------------------------------------
     0 | D:1      | LairdRich the Minotaur Berserker began the quest for the
                  | Orb.
     0 | D:1      | Reached XP level 1. HP: 19/19 MP: 0/0
   126 | D:1      | Reached skill level 4 in Axes
   128 | D:1      | Reached XP level 2. HP: 27/27 MP: 1/1
  1028 | D:2      | Reached XP level 3. HP: 33/33 MP: 2/2
  1029 | D:2      | Noticed Sigmund
  1034 | D:2      | Noticed Jessica
  1040 | D:2      | Killed Jessica
  1041 | D:2      | Killed Sigmund
  1041 | D:2      | Reached ** piety under Trog
  1041 | D:2      | Reached skill level 6 in Axes
  1041 | D:2      | Reached XP level 4. HP: 35/41 MP: 3/3
  1041 | D:2      | Reached XP level 5. HP: 41/47 MP: 4/4
  1319 | D:2      | Reached skill level 5 in Fighting
  1896 | D:3      | Reached XP level 6. HP: 56/56 MP: 5/5
  2284 | D:3      | Reached *** piety under Trog
  2311 | D:3      | Found a radiant altar of Vehumet.
  2314 | D:3      | Found a shadowy altar of Dithmenos.
  3046 | D:4      | Reached skill level 7 in Axes
  3663 | D:4      | Found a basalt altar of Yredelemnul.
  3672 | D:4      | Reached XP level 7. HP: 62/62 MP: 6/6
  3678 | D:4      | Reached skill level 5 in Armour
  3825 | D:5      | Entered Level 5 of the Dungeon
  3829 | D:5      | Found a bloodstained altar of Trog.
  4045 | D:5      | Found a sand-covered staircase.
  4049 | Ossuary  | Entered an ossuary
  4093 | Ossuary  | Reached skill level 8 in Axes
  4388 | Ossuary  | Reached **** piety under Trog
  4665 | D:5      | Reached XP level 8. HP: 61/71 MP: 7/7
  4668 | D:5      | Noticed Ijyb
  4673 | D:5      | Killed Ijyb
  4673 | D:5      | Reached skill level 9 in Axes
  4801 | D:5      | Found Zaehonod's Book Shop.
  4944 | D:6      | Noticed Duvessa
  4944 | D:6      | Noticed Dowan
  4951 | D:6      | Killed Duvessa
  4955 | D:6      | Found a blossoming altar of Fedhas.
  4962 | D:6      | Killed Dowan
  5121 | D:6      | Found Hausch's Food Shop.
  5480 | D:6      | Reached skill level 10 in Axes
  5594 | D:6      | Found a staircase to the Ecumenical Temple.
  5881 | D:6      | Noticed Edmund
  5896 | D:6      | Killed Edmund
  6309 | D:7      | Reached XP level 9. HP: 61/81 MP: 8/8
  6647 | D:7      | Reached skill level 11 in Axes
  6695 | D:7      | Found a sacrificial altar of Ru.
  6699 | D:7      | Noticed Harold
  6718 | D:7      | Killed Harold
  6846 | D:7      | Noticed Pikel
  6863 | D:7      | Killed Pikel
  6863 | D:7      | Reached skill level 12 in Axes
  7254 | D:7      | Reached XP level 10. HP: 72/91 MP: 9/9
  8076 | D:8      | Reached skill level 13 in Axes
  8089 | D:8      | Reached ***** piety under Trog
  8089 | D:8      | Received a gift from Trog
  8325 | D:8      | Reached skill level 10 in Fighting
  8629 | D:8      | Found a staircase to the Lair.
  9521 | D:9      | Reached skill level 10 in Armour
 10004 | D:9      | Reached skill level 14 in Axes
 10532 | D:10     | Entered Level 10 of the Dungeon
 10607 | D:10     | Reached XP level 11. HP: 46/101 MP: 10/10
 11133 | D:10     | Noticed Nergalle
 11144 | D:10     | Noticed a spectral orc warlord
 11675 | D:10     | Found a staircase to the Orcish Mines.
 11886 | D:10     | Killed Nergalle
 12146 | D:10     | Found Enwigaenic's Antique Weapon Shop.
 12360 | D:11     | Noticed a red ugly thing
 12416 | Orc:1    | Entered Level 1 of the Orcish Mines
 12848 | D:11     | Reached skill level 15 in Axes
 12966 | Lair:1   | Entered Level 1 of the Lair of Beasts
 13868 | Lair:1   | Found a transporter.
 14188 | Lair:1   | Found a transporter.
 14398 | Lair:1   | You fall into a shaft and drop 1 floor!
 14557 | Lair:2   | Found a staircase to the Snake Pit.
 14757 | Lair:2   | Found a frozen archway.
 14767 | IceCv    | Entered an ice cave
 14906 | IceCv    | HP: 5/104 [ice statue/bolt of cold (11)]
 15337 | IceCv    | Upgraded the game from 0.25-a0-424-g80bd347ae0 to
                  | 0.25-a0-429-g4e4398398a
 15357 | IceCv    | Received a gift from Trog
 15450 | IceCv    | Reached XP level 12. HP: 112/112 MP: 3/11
 15457 | IceCv    | Reached skill level 16 in Axes
 15857 | IceCv    | Noticed a death yak
 15857 | IceCv    | Noticed a frost giant
 15878 | IceCv    | Killed a death yak
 15881 | IceCv    | Killed a frost giant
 16151 | IceCv    | Got a wavering emerald amulet
 16158 | IceCv    | Identified the amulet of the Ant {Faith Fragile rElec rF+++
                  | Dex-2} (You found it in an ice cave)
 17436 | Lair:2   | Found a staircase to the Shoals.
 17797 | Lair:3   | Reached skill level 17 in Axes
 18036 | Lair:3   | Found a gate leading to a gauntlet.
 18093 | Gauntlet | Entered a Gauntlet
 18093 | Gauntlet | Found a transporter.
 18093 | Gauntlet | Found a transporter.
 18111 | Gauntlet | Found a transporter.
 18115 | Gauntlet | Found a transporter.
 18127 | Gauntlet | Found a transporter.
 18128 | Gauntlet | Found a transporter.
 18138 | Gauntlet | Found a transporter.
 18151 | Gauntlet | Found a transporter.
 18154 | Gauntlet | Noticed a death yak
 18157 | Gauntlet | Noticed a death yak
 18158 | Gauntlet | Noticed a death yak
 18159 | Gauntlet | Noticed a death yak
 18168 | Gauntlet | Found a transporter.
 18169 | Gauntlet | Found a transporter.
 18171 | Gauntlet | Found a runed translucent gate.
 18171 | Gauntlet | Found a runed translucent gate.
 18171 | Gauntlet | Found a runed translucent gate.
 18177 | Gauntlet | Found a transporter.
 18181 | Gauntlet | Found a transporter.
 18792 | Gauntlet | Got a faintly glowing hand axe
 18801 | Gauntlet | Identified the cursed +3 hand axe "Cippeam" {vorpal,
                  | Fragile rPois MR+ Int+7} (You found it in a Gauntlet)
 19277 | Gauntlet | Got a pair of translucent gloves
 19283 | Gauntlet | Identified the cursed +0 pair of gloves of Dogma {rC- Str+4
                  | Dex+5} (You found it in a Gauntlet)
 19325 | Gauntlet | Noticed a minotaur
 19338 | Gauntlet | Killed a minotaur
 19768 | Lair:3   | Received a gift from Trog
 20058 | Lair:3   | Reached XP level 13. HP: 68/122 MP: 12/12
 21262 | Lair:4   | Reached skill level 18 in Axes
 21790 | Lair:4   | Noticed Kirke
 21807 | Lair:4   | Killed Kirke
 21906 | Lair:5   | Noticed Urug
 22287 | Lair:5   | Received a gift from Trog
 22289 | Lair:5   | Killed Urug
 23248 | Lair:6   | Entered Level 6 of the Lair of Beasts
 23366 | Lair:5   | HP: 6/124 [death yak (17)]
 23367 | Lair:5   | Demolished by a death yak

Levels and vault maps discovered:
D:1:      roderic_octagonal_star, layout_basic
D:2:      layout_rooms, uniq_sigmund, uniq_jessica
D:3:      layout_rooms, nicolae_overflow_hidden_temple, serial_bayou,
          serial_bayou_lagoon_a, serial_bayou_crossing, serial_bayou_pond_b,
          serial_bayou_pond_b, roderic_roman_lattice
D:4:      layout_loops_cross, kennysheep_mini_moat
D:5:      layout_loops_cross, nicolae_overflow_crystal_walls, serial_shops,
          nicolae_shop_crystal, enter_ossuary_3, first_ration, glass_columns_a,
          uniq_ijyb
D:6:      layout_loops_ring, fedhas_altar_1, minmay_temple_entry_poolview,
          serial_shops, shop_coins, uniq_duvessa, uniq_edmund
D:7:      layout_loops_ring, nicolae_ru_awakened_eye, the_bakery, uniq_harold,
          uniq_pikel
D:8:      layout_loops_ring, due_lair_maze_entry_diamond
D:9:      layout_cave_pods
D:10:     layout_cave_pools, erik_orc_1, serial_shops, nicolae_shop_waterfront,
          uniq_nergalle
D:11:     layout_cave_pools, kennysheep_generic_room_11
Lair:1:   gammafunk_cloud_chamber, layout_cave_pods, kennysheep_abandoned_house,
          serial_bayou_shore_a
Lair:2:   layout_regular_city, minmay_shoals_entry_hut, dummy_snake_entry,
          portal_ice_cave_entry_pillars_1, serial_bayou, serial_bayou_pond_a,
          serial_bayou_pond_a, serial_bayou_pond_d, serial_bayou_pond_e
Lair:3:   layout_cave_pods, gauntlet_entry_generic
Lair:4:   layout_cave_pods, uniq_kirke
Lair:5:   layout_gridlike, grunt_megastairs_2, infiniplex_staircase_pool_2,
          lemuel_fruit_fields, uniq_urug
Lair:6:   minmay_lair_end_enchanted_forest, layout_gridlike, slime_dummy,
          gammafunk_lair_bear_cave, infiniplex_staircase_pool,
          grunt_megastairs_3
Orc:1:    layout_diamond_mine, minmay_orc_temple_a

Skill      XL: |  1  2  3  4  5  6  7  8  9 10 11 12 13 |
---------------+----------------------------------------+-----
Axes           | 4 6 7 8 10 12 14 15 17 18 | 18.7
Fighting       | 4 5 6 7 9 10 12 13 14 | 14.1
Armour         | 3 4 6 7 9 10 11 13 | 13.9
Dodging        | |  2.1

Action                   |  1- 3 |  4- 6 |  7- 9 | 10-12 | 13-15 || total
-------------------------+-------+-------+-------+-------+-------++-------
Melee: Hand axe          |    39 |   138 |   315 |   438 |   214 ||  1144
       Headbutt          |     8 |    22 |    72 |   195 |    74 ||   371
       Bardiche          |       |       |       |   228 |       ||   228
       Morningstar       |       |       |       |    37 |       ||    37
       War axe           |       |       |       |    17 |       ||    17
       Battleaxe         |       |       |       |    56 |       ||    56
Invok: Berserk           |     1 |     2 |     2 |     2 |       ||     7
       Trog's Hand       |       |       |     4 |     6 |     1 ||    11
       Brothers in Arms  |       |       |     1 |     1 |     2 ||     4
 Abil: Evoke Flight      |       |       |       |     1 |       ||     1
  Use: Scroll            |       |    11 |     7 |    15 |     2 ||    35
       Potion            |       |       |     1 |    14 |     1 ||    16
 Stab: Distracted        |       |       |     1 |     1 |       ||     2
       Sleeping          |       |       |       |     2 |       ||     2
  Eat: Chunk             |       |     8 |    11 |    15 |     9 ||    43
       Ration            |       |     1 |     1 |    11 |     1 ||    14
Armor: Animal skin       |     1 |       |       |       |       ||     1
       Ring mail         |     6 |    58 |    93 |    55 |       ||   212
       Plate armour      |       |       |       |   422 |    84 ||   506
Dodge: Dodged            |    22 |    75 |   128 |   372 |    58 ||   655
Block: Buckler           |       |       |    11 |     2 |       ||    13

Table legend:
 A = Non-vault XP
 B = Vault XP
 C = Vault XP percentage of total XP
 D = Non-vault monster count
 E = Vault monster count
 F = Vault count percentage of total count
                 A         B        C        D         E       F
            +---------+---------+-------+---------+---------+-------
      Total |   26611 |   27209 |  50.6 |     279 |     154 |  35.6
            +---------+---------+-------+---------+---------+-------
        D:1 |      28 |       0 |   0.0 |      13 |       0 |   0.0
        D:2 |      70 |     264 |  79.0 |      17 |       2 |  10.5
        D:3 |     182 |      11 |   5.7 |      29 |       7 |  19.4
        D:4 |     225 |       0 |   0.0 |      14 |       0 |   0.0
        D:5 |     393 |      38 |   8.8 |      11 |       3 |  21.4
        D:6 |     595 |     344 |  36.6 |      14 |       3 |  17.6
        D:7 |    1139 |    1853 |  61.9 |      34 |       3 |   8.1
        D:8 |    1135 |    1389 |  55.0 |      23 |      11 |  32.4
        D:9 |    2245 |       0 |   0.0 |      28 |       0 |   0.0
       D:10 |    2693 |    1184 |  30.5 |      22 |      18 |  45.0
       D:11 |    1756 |       0 |   0.0 |       7 |       0 |   0.0
     Lair:1 |    1247 |     468 |  27.3 |       4 |      14 |  77.8
     Lair:2 |    1808 |     235 |  11.5 |       7 |       1 |  12.5
     Lair:3 |    3328 |       0 |   0.0 |      16 |       0 |   0.0
     Lair:4 |    4108 |    3172 |  43.6 |      19 |       6 |  24.0
     Lair:5 |    5659 |    1848 |  24.6 |      21 |       6 |  22.2
    Ossuary |       0 |     399 | 100.0 |       0 |      21 | 100.0
      IceCv |       0 |   10759 | 100.0 |       0 |      45 | 100.0
   Gauntlet |       0 |    5245 | 100.0 |       0 |      14 | 100.0
            +---------+---------+-------+---------+---------+-------
